 Dungeon Crawl Stone Soup version 0.30-a0-341-g682706514a (webtiles) character file.

Game seed: 14589353943521351799

49 Asagix the Trooper (level 4, 0/35 HPs)
             Began as a Human Berserker on Nov 5, 2022.
             Was a Believer of Trog.
             Slain by a hobgoblin (2 damage)
             ... led by Robin
             ... on level 2 of the Dungeon.
             The game lasted 00:03:09 (1043 turns).

Asagix the Trooper (Human Berserker)                Turns: 1043, Time: 00:03:10

Health: 0/35       AC:  3    Str: 19    XL:     4   Next: 2%
Magic:  4/4        EV: 12    Int:  8    God:    Trog [**....]
Gold:   60         SH:  0    Dex: 12    Spells: 3/3 levels left

rFire   . . .      SeeInvis .    d - +0 quick blade
rCold   . . .      Faith    .    (no shield)
rNeg    . . .      Spirit   .    b - +0 animal skin
rPois   .          Reflect  .    (no helmet)
rElec   .          Harm     .    g - +0 cloak
rCorr   .          Rampage  .    (no gloves)
Will    .....                    (no boots)
Stlth   +.........               (no amulet)
HPRegen 0.25/turn                (no ring)
MPRegen 0.09/turn                (no ring)

@: lethally poisoned (0 -> -8), on berserk cooldown, slowed, very slow
A: no striking features
a: Renounce Religion, Berserk, Trog's Hand


You were on level 2 of the Dungeon.
You worshipped Trog.
Trog was pleased with you.
You visited 1 branch of the dungeon, and saw 2 of its levels.

You collected 60 gold pieces.

Inventory:

Hand Weapons
 a - a +0 hand axe
 d - a +0 quick blade (weapon)
Armour
 b - a +0 animal skin (worn)
 g - a +0 cloak (worn)
Scrolls
 f - 2 scrolls of vulnerability
 j - a scroll of identify
Potions
 c - a potion of curing
 e - a potion of might {unknown}
 h - a potion of ambrosia {unknown}
 i - a potion of flight {unknown}


   Skills:
 + Level 3.5 Fighting
 + Level 0.6 Short Blades
 + Level 3.3 Axes
 + Level 2.2 Armour
 + Level 2.5 Dodging


You had 3 spell levels left.
You didn't know any spells.
Your spell library was empty.

Dungeon Overview and Level Annotations

Branches:
Dungeon (2/15)

Altars:

Annotations:
D:2 Robin


Message History

You have reached level 4!
You feel clever.
The ball python hisses angrily.
You hit the goblin.
You kill the goblin!
Trog accepts your kill. Robin throws the goblin at you!
The hobgoblin barely misses you. The goblin hits you with a +0 dagger.
The goblin hits you with a +0 dagger. Robin throws the goblin at you!
The goblin closely misses you. The goblin hits you with a +0 dagger.
You see here a +0 dagger.
The hobgoblin attacks as you move away! The hobgoblin closely misses you.
Robin throws the goblin at you! The hobgoblin closely misses you.
The goblin hits you but does no damage. x2; The goblin misses you.
You barely miss the hobgoblin. The hobgoblin hits you. x2
* * * LOW HITPOINT WARNING * * *
The goblin barely misses you. The goblin closely misses you.
The goblin hits you with a +2 dagger of venom.
* * * LOW HITPOINT WARNING * * *
You are lethally poisoned!
You hit the hobgoblin. Your punch misses the hobgoblin.
The hobgoblin is moderately wounded.
* * * LOW HITPOINT WARNING * * *
You feel very sick. The hobgoblin barely misses you. The hobgoblin hits you.
* * * LOW HITPOINT WARNING * * *
The goblin completely misses you. The goblin hits you but does no damage.
You are more poisoned.
The goblin hits you with a +0 dagger.
* * * LOW HITPOINT WARNING * * *
You feel better. The hobgoblin hits you.
* * * LOW HITPOINT WARNING * * *
The hobgoblin misses you. The goblin closely misses you. x2
The goblin barely misses you. The goblin hits you with a +0 dagger.
* * * LOW HITPOINT WARNING * * *
The goblin hits you with a +2 dagger of venom.
* * * LOW HITPOINT WARNING * * *
You are lethally poisoned!
The hobgoblin misses you. The hobgoblin hits you.
You die...

#.............#
##.#..#<......#
......#.......#
..#.####.......#
.
#......#.###.###
#...>?..........
#.#....#.##..##..
#.....<.#g.# .
####..#)#@g###.##
........ggg......
#######.#g#######
...#S# #.####g#
.. #...†..g# ##
#.......#
#.......#
#.........


You could see Robin, 3 hobgoblins, 3 goblins and a ball python.

Vanquished Creatures
  An adder (D:2)
  3 bats (D:1)
  4 endoplasms (D:1)
  2 giant cockroaches
  5 goblins (D:2)
  3 hobgoblins
  5 kobolds
  2 quokkas (D:1)
  6 ball pythons (D:1)
  3 frilled lizards
  3 rats (D:1)
37 creatures vanquished.

Vanquished Creatures (others)
  A kraken (D:1)
  A demonspawn (D:1)
  An elf (D:1)
  A spriggan (D:1)
  A human (D:1)
  A demigod (D:1)
  2 mummies (D:1)
  15 tentacles (D:1)
  A withered plant (D:1)
24 creatures vanquished.

Grand Total: 61 creatures vanquished

Notes
Turn   | Place    | Note
-------+----------+-------------------------------------------
     0 | D:1      | Asagix the Human Berserker began the quest for the Orb.
     0 | D:1      | Reached XP level 1. HP: 18/18 MP: 1/1
     0 | D:1      | Noticed a ghoul
     0 | D:1      | Noticed a spriggan
     0 | D:1      | Noticed a demonspawn
     0 | D:1      | Noticed a draconian
     0 | D:1      | Noticed a demigod
     0 | D:1      | Noticed a kraken
     0 | D:1      | Noticed a demigod
     0 | D:1      | Noticed a human
     0 | D:1      | Noticed a demonspawn
     0 | D:1      | Noticed an elf
     0 | D:1      | Noticed a demonspawn
     5 | D:1      | Killed a human
     7 | D:1      | Killed an elf
    13 | D:1      | Killed a demonspawn
    13 | D:1      | Killed a spriggan
    16 | D:1      | Killed a demigod
    16 | D:1      | Killed a kraken
   108 | D:1      | Reached XP level 2. HP: 16/24 MP: 2/2
   234 | D:1      | Found a faded altar of an unknown god.
   715 | D:1      | Reached XP level 3. HP: 25/29 MP: 3/3
  1015 | D:2      | Noticed Robin
  1037 | D:2      | Reached ** piety under Trog
  1038 | D:2      | Reached XP level 4. HP: 18/35 MP: 4/4
  1042 | D:2      | HP: 1/35 [goblin/+0 dagger[Robin] (1)]
  1043 | D:2      | Slain by a hobgoblin

Illustrated notes

Levels and vault maps discovered:
D:1:      nicolae_arrival_kraken_aquarium_a, layout_basic,
          ebering_ecumenical_altar_petrified, st_stairs_11
D:2:      layout_basic, basic_altar, pf_guarded_unrand_delatra, uniq_robin

Action                   |  1- 3 |  4- 6 || total
-------------------------+-------+-------++-------
Melee: Hand axe          |    12 |       ||    12
       Quick blade       |   158 |     3 ||   161
Invok: Berserk           |     2 |       ||     2
  Use: Scroll            |     2 |       ||     2
       Potion            |       |     1 ||     1
 Stab: Sleeping          |     1 |       ||     1
Armor: Animal skin       |    52 |     5 ||    57
Dodge: Dodged            |   141 |    14 ||   155

Table legend: (Time is in decaauts)
 A = Elapsed time spent in this place.
 B = Non-inter-level travel time spent in this place.
 C = Inter-level travel time spent in this place.
 D = Time resting spent in this place.
 E = Time spent auto-exploring this place.
 F = Levels seen in this place.
 G = Mean time per level.
                   A        B        C        D        E       F      G
               +--------+--------+--------+--------+--------+-----+--------+
         Total |   1000 |   1000 |      0 |    188 |    487 |   2 |  500.0 |
       Dungeon |   1000 |   1000 |      0 |    188 |    487 |   2 |  500.0 |
               +--------+--------+--------+--------+--------+-----+--------+

Top non-repeatable levels by time:
     D:1: 934 daAuts
     D:2: 65 daAuts
